 Dungeon Crawl Stone Soup version 0.20-a0-472-g5c05303 (webtiles) character file.

39 HarleyQuinn the Ruffian (level 3, 0/27 HPs)
             Began as a Demonspawn Gladiator on Jan 14, 2017.
             Slain by a gnoll
             ... wielding a +0 flail
              (4 damage)
             ... on level 2 of the Dungeon.
             The game lasted 00:01:52 (1124 turns).

HarleyQuinn the Ruffian (Demonspawn Gladiator)      Turns: 1124, Time: 00:01:53

Health: 0/27       AC:  4    Str: 15    XL:     3   Next: 28%
Magic:  0/3        EV: 12    Int:  9    God:
Gold:   69         SH:  0    Dex: 14    Spells: 2/2 levels left

rFire  . . .     SeeInvis .     i - +1 dagger (speed)
rCold  + . .     Gourm    .     n - +0 leather armour {rPois}
rNeg   . . .     Faith    .     (no shield)
rPois  +         Spirit   +     b - +0 helmet
rElec  .         Reflect  .     (no cloak)
rCorr  .         Harm     .     (no gloves)
MR     .....                    (no boots)
Stlth  +.........               (no amulet)
                                (no ring)
                                g - ring of protection from cold

@: no status effects
A: powered by death 1, magic shield
a: no special abilities


You were on level 2 of the Dungeon.
You were not hungry.

You visited 1 branch of the dungeon, and saw 2 of its levels.

You collected 69 gold pieces.

Inventory:

Hand Weapons
 i - a +1 dagger of speed (weapon)
Missiles
 c - 3 throwing nets (quivered)
Armour
 a - a +0 leather armour
 b - a +0 helmet (worn)
 n - a +0 leather armour of poison resistance (worn)
Jewellery
 g - a ring of protection from cold (left hand)
Scrolls
 e - a scroll of amnesia {unknown}
 l - a scroll of teleportation {unknown}
 p - a scroll of remove curse {unknown}
Potions
 f - 2 potions of beneficial mutation {unknown}
 j - 2 potions of might {unknown}
 m - 2 potions of curing {unknown}
 o - a potion of degeneration {unknown}
 q - 2 potions of mutation {unknown}
Comestibles
 d - 4 bread rations
 h - 3 meat rations


   Skills:
 - Level 2.0 Fighting
 - Level 1.7 Throwing
 - Level 2.6 Dodging
 + Level 4.0 Unarmed Combat


You had 2 spell levels left.
You didn't know any spells.

Dungeon Overview and Level Annotations

Branches:
Dungeon (2/15)

Altars:


Innate Abilities, Weirdness & Mutations

You regenerate a little health from kills.
When hurt, damage is shared between your health and your magic reserves.


Message History

* * * LOW HITPOINT WARNING * * *
You hit the gnoll.
The gnoll is moderately wounded.
The gnoll hits you but does no damage. The gnoll barely misses you.
You hit the gnoll.
The gnoll is heavily wounded.
You hit the gnoll.
The gnoll is heavily wounded.
The gnoll closely misses you. The gnoll hits you but does no damage.
You barely miss the gnoll.
The gnoll is heavily wounded.
The gnoll barely misses you. x2
You hit the gnoll but do no damage.
The gnoll is heavily wounded.
You hit the gnoll but do no damage.
The gnoll is heavily wounded.
The gnoll hits you from afar with a spear.
* * * LOW HITPOINT WARNING * * *
The gnoll hits you with a flail.
You die...

...... ...... ####
.[....######## ######..#
.............# #.......###
.............###.........#
>........................##
#######...................####
###......######.......?...
#............@gw..........
#..)......#####g.....#..#
###.###.#..# #####..#
#.###.##.# #..g# #.#...#
##..... #...# ..#.... ##..#.#
#.. ... #..#.# ..g ..
######..#.## .... .


You could see a worm and 2 gnolls.

Vanquished Creatures
  A gnoll (D:2)
  A worm (D:2)
  2 leopard geckos
  3 bats
  4 giant cockroaches
  3 goblins
  2 hobgoblins (D:1)
  2 frilled lizards
  4 kobolds (D:1)
  3 rats
25 creatures vanquished.

Notes
Turn   | Place    | Note
-------+----------+-------------------------------------------
     0 | D:1      | HarleyQuinn the Demonspawn Gladiator began the quest for the Orb.
     0 | D:1      | Reached XP level 1. HP: 16/16 MP: 1/1
   108 | D:1      | Reached skill level 3 in Unarmed Combat
   199 | D:1      | Gained mutation: You regenerate a little health from kills. [demonic ancestry]
   199 | D:1      | Reached XP level 2. HP: 17/22 MP: 2/2
  1101 | D:2      | Gained mutation: When hurt, damage is shared between your health and your magic reserves. [demonic ancestry]
  1101 | D:2      | Reached XP level 3. HP: 18/27 MP: 3/3
  1117 | D:2      | Reached skill level 4 in Unarmed Combat
  1124 | D:2      | Slain by a gnoll

Vault maps used:
D:1:      ncdulo_smallfort, minmay_misc_feat_rugged
D:2:      nemelex_xobeh_ov_fountains_minmay, first_bread, bloody_trog

Skill      XL: |  1  2  3 |
---------------+----------+-----
Unarmed Combat | 3 4 |  4.0
Fighting       | |  2.0
Throwing       | |  1.7
Dodging        | |  2.6

Action                   || total
-------------------------++-------
Melee: Unarmed           ||    31
       Dagger            ||    86
       Punch             ||     1
  Eat: Chunk             ||     1
Armor: Leather armour    ||    29
Dodge: Dodged            ||    62
